 Dungeon Crawl Stone Soup version 0.14-a0-519-g334afa2 (webtiles) character file.

2200 Malachi the Frost Mage (level 8, -9/42 HPs)
             Began as a Deep Elf Ice Elementalist on Nov 1, 2013.
             Was an Initiate of Vehumet.
             Mangled by confidenceinterval's ghost (11 damage)
             ... on Level 7 of the Dungeon.
             The game lasted 00:18:06 (7796 turns).

Malachi the Frost Mage (Deep Elf Ice Elementalist)  Turns: 7796, Time: 00:18:06

HP  -9/42        AC  6     Str  5      XL: 8   Next: 98%
MP   6/26        EV 15     Int 23      God: Vehumet [......]
Gold 257         SH  0     Dex 15      Spells:  6 memorised,  5 levels left

Res.Fire  : . . .   See Invis. : .   n - +3,+2 short sword (curse)
Res.Cold  : . . .   Warding    : .   a - +0 elf robe (curse)
Life Prot.: . . .   Conserve   : .   (no shield)
Res.Poison: .       Res.Corr.  : .   (no helmet)
Res.Elec. : .       Clarity    : .   k - +0 cloak
Sust.Abil.: . .     Spirit.Shd : .   (no gloves)
Res.Mut.  : .       Stasis     : .   v - +2 pair of orc boots
Res.Rott. : .       Flight     : .   (no amulet)
Saprovore : . . .                    (no ring)
                                     (no ring)

@: very slightly contaminated, somewhat resistant to hostile enchantments, quite
stealthy
A: no striking features
a: Renounce Religion


You were on level 7 of the Dungeon.
You worshipped Vehumet.
Vehumet was noncommittal.
You were not hungry.

You visited 2 branches of the dungeon, and saw 8 of its levels.
You also visited: Ossuary.

You collected 257 gold pieces.

Inventory:

Hand weapons
 n - a cursed +3,+2 short sword (weapon)
 w - a +0 blowgun
Missiles
 x - 8 poisoned needles
Armour
 a - a cursed +0 elven robe (worn)
 k - a +0 cloak (worn)
 v - a +2 pair of orcish boots (worn)
Magical devices
 y - a wand of confusion (14)
 E - a wand of flame (9)
Comestibles
 c - 2 bread rations
 p - 3 meat rations
 A - 5 rotting chunks of centaur flesh
Scrolls
 e - a scroll of recharging
 g - a scroll of identify
 i - a scroll of enchant weapon I
 j - 2 scrolls of enchant weapon II
 q - a scroll of teleportation
 r - a scroll of fear
 B - a scroll of enchant armour
 C - a scroll of immolation {unknown}
Jewellery
 o - an uncursed ring of fire
Potions
 d - 2 potions of invisibility
 f - 5 potions of curing
 h - 6 potions of heal wounds
 l - a potion of flight {unknown}
 m - a potion of restore abilities
 s - 2 potions of might
Books
 b - a book of Frost

   Spells                             Type                      Level
   *Freeze                            Ice                          1
   *Throw Frost                       Conjuration/Ice              2
   *Ozocubu's Armour                  Charms/Ice                   3
   *Throw Icicle                      Conjuration/Ice              4
   *Summon Ice Beast                  Ice/Summoning                4
   *Condensation Shield               Ice                          4
Miscellaneous
 u - a phial of floods


   Skills:
 + Level 1.0 Fighting
 + Level 1.4 Short Blades
 + Level 5.1 Dodging
 + Level 5.1 Stealth
 + Level 8.0 Spellcasting
 + Level 2.1 Conjurations
 * Level 9.2 Ice Magic
 - Level 1.0 Evocations


You had 5 spell levels left.
You knew the following spells:

 Your Spells              Type           Power        Failure   Level  Hunger
a - Freeze                Ice            ####         1%          1    None
b - Throw Frost           Conj/Ice       #####.       1%          2    None
c - Ozocubu's Armour      Chrm/Ice       ####......   3%          3    None
d - Condensation Shield   Ice            ######....   1%          4    ###....
e - Throw Icicle          Conj/Ice       #####...     10%         4    ###....
f - Summon Ice Beast      Ice/Summ       ####......   12%         4    ###....


Dungeon Overview and Level Annotations

Branches:
Dungeon (7/27)             Temple (1/1) D:7             Orc (0/4) D:6

Altars:
Ashenzari
Elyvilon
Fedhas
Kikubaaqudgha
Makhleb
Nemelex Xobeh
Okawaru
Sif Muna
Trog
Vehumet
Xom
Yredelemnul
Zin
the Shining One

Shops:
D:6 *   D:7 *}

Annotations:
D:7 confidenceinterval's ghost, experienced GrFi


Message History

Aiming: Throw Icicle
Press: ? - help, Shift-Dir - straight line, f/p - confidenceinterval's ghost
Aim: confidenceinterval's ghost (heavily damaged)
You miscast Throw Icicle.
You are very lightly contaminated with residual magic.
You feel a strange surge of energy! Confidenceinterval's ghost hits you.
Evoke which item? (* to show all) (? for menu, Esc to quit)
Zapping:
y - a wand of confusion {recharged}
Press: ? - help, Shift-Dir - straight line, f/p - confidenceinterval's ghost
Aim: confidenceinterval's ghost (heavily damaged) Confidenceinterval's ghost resists.
Confidenceinterval's ghost hits you!
Evoke which item? (* to show all) (? for menu, Esc to quit)
Zapping:
y - a wand of confusion {zapped: 1}
Press: ? - help, Shift-Dir - straight line, f/p - confidenceinterval's ghost
Aim: confidenceinterval's ghost (heavily damaged) Confidenceinterval's ghost easily resists.
Confidenceinterval's ghost hits you!
* * * LOW HITPOINT WARNING * * *
Confidenceinterval's ghost hits you!
You die...

.#..#.# ##...##
##.#..#.##########..#
#####.....#.#...........#
#.........#.#....########
#.........#.#....#
#.........#.#....##############
#.........#.#....##...........#
#.....#.8.#.....p##.≈≈≈≈≈≈≈≈≈.#
#...........#...@##.≈#######≈.#
#.<...8.>.8.#....##.≈# #≈.#
#...........#....##.≈# #≈.#
##'####.8.#.#....##.≈##+++##≈.#
.........##.#....##.≈≈≈≈≈≈≈≈≈)#
....................≈≈≈≈≈≈≈≈≈.#
................###...(.......###
##....((......).# #####(.........
#########......# #####(.........


You could see confidenceinterval's ghost.

Vanquished Creatures
  Grinder (D:4)
  Eustachio (D:4)
  A hippogriff (D:7)
  A phantom (D:6)
  2 ogres
  2 centaurs
  The ghost of CptWwolf the Chiller, an average NaIE of Sif Muna (D:3)
  A troll zombie (D:7)
  A crimson imp (D:6)
  3 orc priests
  4 hounds
  A jelly (D:3)
  2 water moccasin zombies (Ossuary)
  A scorpion (D:6)
  A centaur skeleton (D:6)
  5 orc wizards
  5 worker ants
  Jessica (D:3)
  2 mummies (Ossuary)
  3 gnolls (D:3)
  5 adders
  A giant mite (D:4)
  5 worms
  3 adder zombies (Ossuary)
  A giant eyeball (D:5)
  6 giant geckos
  2 oozes
  17 orcs
  5 ball pythons
  14 bats
  A bat zombie (D:5)
  6 gnoll zombies (Ossuary)
  7 goblins
  6 hobgoblins
  5 jackals
  14 kobolds
  2 quokkas
  4 giant cockroaches
  2 giant newts
  3 hobgoblin zombies (Ossuary)
  7 kobold zombies (Ossuary)
  An orc skeleton (D:4)
  6 orc zombies
  16 rats
178 creatures vanquished.

Vanquished Creatures (others)
  A human (D:5)
1 creature vanquished.

Grand Total: 179 creatures vanquished

Notes
Turn   | Place    | Note
--------------------------------------------------------------
     0 | D:1      | Malachi, the Deep Elf Ice Elementalist, began the quest for the Orb.
     0 | D:1      | Reached XP level 1. HP: 10/10 MP: 4/4
   352 | D:1      | Reached XP level 2. HP: 12/15 MP: 4/6
   565 | D:1      | Reached skill level 4 in Ice Magic
   723 | D:1      | Learned a level 2 spell: Throw Frost
   783 | D:1      | Reached XP level 3. HP: 13/19 MP: 1/9
  1925 | D:3      | Reached XP level 4. HP: 24/24 MP: 4/12
  2001 | D:3      | Noticed CptWwolf's ghost (average NaIE)
  2381 | D:3      | Killed CptWwolf's ghost
  2381 | D:3      | Reached skill level 5 in Ice Magic
  2381 | D:3      | Reached XP level 5. HP: 8/28 MP: 16/16
  2703 | D:3      | Found a shimmering altar of Xom.
  2726 | D:3      | Noticed Jessica
  2734 | D:3      | Killed Jessica
  2789 | D:3      | Learned a level 3 spell: Ozocubu's Armour
  2794 | D:3      | Learned a level 4 spell: Condensation Shield
  2840 | D:3      | Reached XP level 6. HP: 21/32 MP: 12/19
  3138 | D:4      | Noticed Grinder
  3176 | D:4      | Killed Grinder
  3176 | D:4      | Reached skill level 5 in Spellcasting
  3176 | D:4      | Reached skill level 6 in Ice Magic
  3176 | D:4      | Reached skill level 1 in Evocations
  3176 | D:4      | Reached XP level 7. HP: 11/36 MP: 22/22
  3484 | D:4      | Learned a level 4 spell: Throw Icicle
  3916 | D:4      | Noticed Eustachio
  3930 | D:4      | Killed Eustachio
  3930 | D:4      | Reached skill level 7 in Ice Magic
  4279 | D:5      | Entered Level 5 of the Dungeon
  4646 | D:5      | Reached XP level 8. HP: 41/41 MP: 21/25
  4768 | D:5      | Found an ancient bone altar of Kikubaaqudgha.
  4956 | D:5      | Reached skill level 8 in Ice Magic
  5155 | D:5      | Learned a level 4 spell: Summon Ice Beast
  5205 | D:5      | Found a sand-covered staircase.
  5226 | Ossuary  | Entered an ossuary
  5829 | Ossuary  | Reached skill level 1 in Short Blades
  6612 | D:6      | Found Thusiak's General Store.
  6801 | D:6      | Found a staircase to the Orcish Mines.
  6931 | D:6      | Found a shimmering altar of Xom.
  6931 | D:6      | Found a burning altar of Makhleb.
  6937 | D:6      | Reached skill level 5 in Dodging
  7135 | D:7      | Found a staircase to the Ecumenical Temple.
  7152 | D:7      | Reached skill level 1 in Fighting
  7152 | D:7      | Reached skill level 5 in Stealth
  7152 | D:7      | Reached skill level 9 in Ice Magic
  7157 | Temple   | Entered the Ecumenical Temple
  7323 | Temple   | Became a worshipper of Vehumet
  7731 | D:7      | Found Copaq's General Store.
  7769 | D:7      | Found Stiaschu's Gadget Shoppe.
  7770 | D:7      | Noticed confidenceinterval's ghost (experienced GrFi)
  7790 | D:7      | HP: 1/42 [confidenceinterval's ghost (18)]
  7796 | D:7      | Mangled by confidenceinterval's ghost

Action                   |  1- 3 |  4- 6 |  7- 9 || total
-------------------------+-------+-------+-------++-------
Melee: Dagger            |    38 |       |       ||    38
       Short sword       |    18 |    40 |   198 ||   256
 Cast: Freeze            |    46 |    48 |   120 ||   214
       Throw Frost       |     6 |     9 |     9 ||    24
       Throw Icicle      |       |       |    28 ||    28
       Condensation Shie |       |       |     5 ||     5
       Ozocubu's Armour  |       |       |     4 ||     4
Evoke: Wand              |       |     8 |     4 ||    12
  Use: Scroll            |       |    12 |     3 ||    15
       Potion            |       |     1 |     4 ||     5
 Stab: Sleeping          |     2 |     2 |    16 ||    20
       Confused          |       |     5 |       ||     5
       Distracted        |       |       |     1 ||     1
